AoeStats
← |GaoeG| flamingo

Golden Pit

503665466Analyzed
1v1 RM · 29d ago on Sep 1, 2026· 51m 49s· 2 players
Game mode
Random Map
Map size
Tiny (2 player)
Population
200
Speed
Normal
Resources
Standard
Victory
Conquest
Starting age
Dark Age
Ending age
Imperial Age
RankedLock teamsTeams togetherTeam positionsShared explorationLock speedFull tech treeHidden civsTurbo modeCheats
Victory
Defeat
🇹🇷 Mapuche · Türkiye
1391
+15
🇪🇸 Spanish · Spain
1376
-15
|GaoeG| flamingo
6:28 Loom
9:12 Feudal Age
10:05 Double-Bit Axe
10:37 Horse Collar
15:06 Forging
23:41 Castle Age
22:45 Bloodlines
24:30 Husbandry
23:51 Light Cavalry
25:25 Bow Saw
25:06 Gold Mining
26:11 Scale Barding Armor
36:12 Elite Skirmisher
36:58 Thumb Ring
38:21 Fletching
38:32 Padded Archer Armor
41:56 Imperial Age
39:50 Bodkin Arrow
42:06 Ballistics
43:15 Leather Archer Armor
43:00 Bracer
44:03 Chemistry
43:45 Wheelbarrow
44:19 Conscription
46:23 Ring Archer Armor
46:27 Hand Cart
47:51 Chain Barding Armor
49:34 Plate Barding Armor
48:24 Cavalier
51:02 Iron Casting
52:47 Blast Furnace
Mtk
8:23 Loom
10:36 Feudal Age
10:56 Champi Runner
12:00 Double-Bit Axe
20:23 Wheelbarrow
23:36 Castle Age
21:41 Stone Mining
21:35 Horse Collar
22:18 Forging
23:24 Gold Mining
26:46 Bow Saw
32:11 Fletching
34:13 Bodkin Arrow
36:05 Padded Archer Armor
38:35 Town Watch
41:23 Ballistics
43:46 Imperial Age
42:58 Hand Cart
43:24 Stone Shaft Mining
44:17 Hand Cart
44:48 Iron Casting
44:39 Butalmapu
44:56 Conscription
45:53 Masonry
50:33 Gold Shaft Mining
49:33 Elite Kona
51:34 Blast Furnace
52:29 Town Patrol
Connection lost

Rejoining the realm…

Still unreachable

The connection could not be restored.

Session expired

The server has moved on; the page needs a fresh start.